Golden Knights vs Flyers
(R1)
Created - April 13, 2020 at 19:04
Goals
|
| Golden Knights |
2 |
0 |
0 |
0 |
1 |
3 |
| Flyers |
1 |
1 |
0 |
0 |
0 |
2 |
|
Shots
|
| Golden Knights |
17 |
7 |
4 |
0 |
3 |
28 |
| Flyers |
5 |
12 |
10 |
3 |
3 |
30 |
|
1st period
1. Flyers , Jeff Carter 27 (Oliver Ekman-Larsson 21) at 2:27 (PP)
2. Golden Knights , Andrei Loktionov 22 (Chris Higgins 21, Jared Cowen 20) at 3:06
3. Golden Knights , Michael Frolik 37 (Matt Stajan 27) at 14:40
Penalties :
Ilya Kovalchuk (Vgs) for Tripping (Minor) at 2:13, Mats Zuccarello (Phi) for Tripping (Minor) at 9:45, Oliver Ekman-Larsson (Phi) for Holding (Minor) at 14:45
2nd period
4. Flyers , Drew Miller 30 (Jakub Voracek 36, Jonathan Ericsson 30) at 18:34 (SH)
Penalties :
Chris Higgins (Vgs) for Hooking (Minor) at 5:11, Wayne Simmonds (Vgs) for Holding (Minor) at 10:17, Matt Smaby (Phi) for Hooking (Minor) at 17:48
3rd period
No Goal
Penalties :
Brian Lashoff (Phi) for Hooking (Minor) at 1:31, Matthew Lombardi (Phi) for Hooking (Minor) at 4:18, Zach Bogosian (Vgs) for Hooking (Minor) at 7:10
Overtime #1
No Goal
Penalties :
No Penalty
Shootout
Golden Knights, Ilya Kovalchuk - Stopped by Steve Mason
Flyers, Jeff Carter - Stopped by Robin Lehner
Golden Knights, Matt Stajan - Stopped by Steve Mason
Flyers, Jordan Nolan - Stopped by Robin Lehner
Golden Knights, Michael Frolik - Goal!
Flyers, Jakub Voracek - Shot Misses the Net
Penalties :
No Penalty
Goalie Stats
Robin Lehner (Vgs), 28 saves from 30 shots - (0.933), W, 29-21-9, 65:00 minutes
Steve Mason (Phi), 26 saves from 28 shots - (0.929), OTL, 33-18-6, 65:00 minutes
Players Stats for Golden Knights
Player Name G A P +/- PIM S H SB GA TA FO MP PP MP PK MP
------------------------------------------------------------------------------------
Alex Tanguay 0 0 0 0 0 1 4 0 0 0 0/1 12:58 0:00 1:03
Andrei Loktionov 1 0 1 1 0 2 4 0 0 0 2/7 21:08 4:28 1:28
Brandon Bollig 0 0 0 0 0 1 2 0 0 0 1/2 7:35 0:00 0:00
Chris Higgins 0 1 1 1 2 4 1 0 1 0 0/0 15:54 4:28 0:00
Damien Brunner 0 0 0 0 0 2 1 0 0 0 1/1 7:51 0:00 0:00
Ilya Kovalchuk 0 0 0 0 2 4 4 1 1 0 5/8 23:20 5:27 3:26
Jared Cowen 0 1 1 0 0 0 2 2 0 0 0/0 31:18 5:41 3:36
Mathew Dumba 0 0 0 0 0 0 1 1 0 0 0/0 11:33 0:00 1:12
Matt Stajan 0 1 1 0 0 4 2 0 0 0 16/30 23:42 5:27 3:36
Maxim Lapierre 0 0 0 0 0 1 1 0 0 0 6/11 11:11 0:00 0:00
Michael Frolik 1 0 1 0 0 3 1 0 0 1 1/2 22:36 5:27 1:28
Michael Kostka 0 0 0 1 0 0 1 1 0 2 0/0 18:01 0:00 2:35
Nathan Paetsch 0 0 0 0 0 0 0 1 0 0 0/0 20:56 4:14 2:35
Ole-Kristian Tollefsen 0 0 0 1 0 0 1 2 0 1 0/0 18:06 4:14 0:00
Patrice Cormier 0 0 0 0 0 1 0 0 0 0 3/4 7:35 0:00 0:00
Steve Bernier 0 0 0 0 0 1 1 1 0 1 1/1 11:50 0:00 1:21
Wayne Simmonds 0 0 0 1 2 1 1 1 1 0 0/1 18:03 4:28 0:00
Zach Bogosian 0 0 0 0 2 3 6 2 0 3 0/0 30:08 5:41 2:24
Players Stats for Flyers
Player Name G A P +/- PIM S H SB GA TA FO MP PP MP PK MP
------------------------------------------------------------------------------------
Brian Lashoff 0 0 0 0 2 0 1 1 0 0 0/0 13:34 0:00 0:00
Brock Nelson 0 0 0 -1 0 0 1 0 0 0 0/0 7:14 0:00 0:00
Chris Mcallister 0 0 0 0 0 2 1 0 0 0 0/0 12:06 0:00 0:00
Drew Miller 1 0 1 1 0 4 4 0 0 0 1/1 22:08 3:21 3:00
J.T. Miller 0 0 0 -1 0 1 0 1 0 0 0/0 15:19 2:50 1:01
Jakub Voracek 0 1 1 1 0 3 5 0 1 1 1/3 22:08 3:21 3:00
Jeff Carter 1 0 1 0 0 3 1 2 1 1 16/37 25:47 3:21 5:54
Jeff Woywitka 0 0 0 -1 0 1 1 0 0 0 0/0 22:43 3:07 3:42
Jonathan Ericsson 0 1 1 -1 0 0 0 0 1 0 0/0 22:43 3:07 3:42
Jordan Nolan 0 0 0 -1 0 5 0 1 0 1 3/8 21:19 2:50 5:54
Marcus Kruger 0 0 0 0 0 3 3 0 2 0 6/10 12:07 0:00 0:17
Mats Zuccarello 0 0 0 0 2 3 0 1 0 0 1/1 10:56 0:00 0:00
Matt Smaby 0 0 0 -1 2 1 0 0 1 0 0/0 27:39 3:04 4:57
Matthew Lombardi 0 0 0 -1 2 1 0 0 0 0 4/6 9:46 0:00 0:44
Nathan Beaulieu 0 0 0 1 0 0 0 0 0 0 0/0 16:11 0:00 2:36
Oliver Ekman-Larsson 0 1 1 0 2 2 2 1 1 0 0/0 28:09 3:04 4:53
Ryan Callahan 0 0 0 -1 0 0 0 0 0 0 0/0 12:57 2:50 0:00
Tomas Kubalik 0 0 0 -1 0 1 1 0 1 0 0/2 7:14 0:00 0:00
3 Stars
1 - Andrei Loktionov (Vgs)
2 - Drew Miller (Phi)
3 - Jakub Voracek (Phi)
Power Play
Golden Knights - 0 on 5 Attempt(s) - 0.00%
Flyers - 1 on 4 Attempt(s) - 25.00%
Penalty Kill
Golden Knights - 3 on 4 Attempt(s) - 75.00%
- Score 0 goal in Penalty Kill
Flyers - 5 on 5 Attempt(s) - 100.00%
- Score 1 goal in Penalty Kill
Team Stat
Golden Knights - Hits : 33 - Faceoff Wins : 36 - Blocked Shots : 12 - Penalty Minutes : 8
Flyers - Hits : 20 - Faceoff Wins : 32 - Blocked Shots : 7 - Penalty Minutes : 10
Official
Referees : Unknown
Linesman : Unknown
Game Notes
No Game Note
Finance
Level 1 -- Attendance: 6000 (100.00%) -- Ticket Income $630,000
Level 2 -- Attendance: 4134 (82.68%) -- Ticket Income $289,380
Level 3 -- Attendance: 1473 (73.65%) -- Ticket Income $66,285
Level 4 -- Attendance: 3115 (77.88%) -- Ticket Income $93,450
Luxury Box -- Attendance: 1000 (100.00%) -- Ticket Income $180,000
Game was played at the Wells Fargo Center.
Total Attendance: 15722 (87.34%)
Total Ticket Income: $1,259,115
Other Income: $188,867
Total Income: $1,447,982
Golden Knights
5 vs 5 Forward
Center Left Wing Right Wing Time % Phy DF OF
1 Matt Stajan Ilya Kovalchuk Michael Frolik 40 1 2 2
2 Andrei Loktionov Chris Higgins Wayne Simmonds 30 1 2 2
3 Maxim Lapierre Alex Tanguay Steve Bernier 20 1 2 2
4 Patrice Cormier Brandon Bollig Damien Brunner 10 1 2 2
5 vs 5 Defense
Defense Defense Time % Phy DF OF
1 Zach Bogosian Jared Cowen 40 1 2 2
2 Ole-Kristian Tollefsen Michael Kostka 30 1 2 2
3 Nathan Paetsch Mathew Dumba 20 1 2 2
4 Zach Bogosian Jared Cowen 10 1 2 2
PowerPlay Forward
Center Left Wing Right Wing Time % Phy DF OF
1 Matt Stajan Ilya Kovalchuk Michael Frolik 60 1 2 2
2 Andrei Loktionov Chris Higgins Wayne Simmonds 40 1 2 2
PowerPlay Defense
Defense Defense Time % Phy DF OF
1 Zach Bogosian Jared Cowen 60 1 2 2
2 Ole-Kristian Tollefsen Nathan Paetsch 40 1 2 2
Penalty Kill 4 Players Forward
Center Wing Time % Phy DF OF
1 Ilya Kovalchuk Matt Stajan 60 1 2 2
2 Michael Frolik Andrei Loktionov 40 1 2 2
Penalty Kill 4 Players Defense
Defense Defense Time % Phy DF OF
1 Zach Bogosian Jared Cowen 60 1 2 2
2 Nathan Paetsch Michael Kostka 40 1 2 2
Penalty Kill - 3 Players Forward
Forward Time % Phy DF OF
1 Ilya Kovalchuk 60 1 2 2
2 Matt Stajan 40 1 2 2
Penalty Kill - 3 Players Defense
Defense Defense Time % Phy DF OF
1 Zach Bogosian Jared Cowen 60 1 2 2
2 Mathew Dumba Michael Kostka 40 1 2 2
4 vs 4 Forward
Center Wing Time % Phy DF OF
1 Ilya Kovalchuk Matt Stajan 60 1 2 2
2 Michael Frolik Andrei Loktionov 40 1 2 2
4 vs 4 Defense
Defense Defense Time % Phy DF OF
1 Zach Bogosian Jared Cowen 60 1 2 2
2 Ole-Kristian Tollefsen Michael Kostka 40 1 2 2
Last Minutes Offensive
Center Left Wing Right Wing Defense Defense
Matt Stajan Ilya Kovalchuk Michael Frolik Zach Bogosian Jared Cowen
Last Minutes Defensive
Center Left Wing Right Wing Defense Defense
Matt Stajan Ilya Kovalchuk Michael Frolik Zach Bogosian Jared Cowen
Goaltenders
Starting : Robin Lehner
Backup : Matt Hackett
Extra Forwards
Normal : Alex Tanguay, Maxim Lapierre, Steve Bernier - PP : Alex Tanguay, Maxim Lapierre - PK : Steve Bernier
Extra Defensemen
Normal : Nathan Paetsch, Mathew Dumba, Ole-Kristian Tollefsen - PP : Nathan Paetsch - PK : Mathew Dumba, Ole-Kristian Tollefsen
Penalty Shots
Ilya Kovalchuk, Matt Stajan, Michael Frolik, Andrei Loktionov, Wayne Simmonds
Scratches
Vladimir Mihalik (Bruised Left Foot Injury)
Flyers
5 vs 5 Forward
Center Left Wing Right Wing Time % Phy DF OF
1 Jeff Carter Drew Miller Jakub Voracek 40 1 2 2
2 Jordan Nolan J.T. Miller Ryan Callahan 30 1 2 2
3 Marcus Kruger Chris Mcallister Mats Zuccarello 20 1 2 2
4 Matthew Lombardi Brock Nelson Tomas Kubalik 10 1 2 2
5 vs 5 Defense
Defense Defense Time % Phy DF OF
1 Oliver Ekman-Larsson Matt Smaby 40 1 2 2
2 Jonathan Ericsson Jeff Woywitka 30 1 2 2
3 Brian Lashoff Nathan Beaulieu 20 1 2 2
4 Oliver Ekman-Larsson Matt Smaby 10 1 2 2
PowerPlay Forward
Center Left Wing Right Wing Time % Phy DF OF
1 Jeff Carter Drew Miller Jakub Voracek 60 1 2 2
2 Jordan Nolan J.T. Miller Ryan Callahan 40 1 2 2
PowerPlay Defense
Defense Defense Time % Phy DF OF
1 Oliver Ekman-Larsson Matt Smaby 60 1 2 2
2 Jonathan Ericsson Jeff Woywitka 40 1 2 2
Penalty Kill 4 Players Forward
Center Wing Time % Phy DF OF
1 Jeff Carter Jordan Nolan 60 1 2 2
2 Jakub Voracek Drew Miller 40 1 2 2
Penalty Kill 4 Players Defense
Defense Defense Time % Phy DF OF
1 Oliver Ekman-Larsson Matt Smaby 60 1 2 2
2 Jonathan Ericsson Jeff Woywitka 40 1 2 2
Penalty Kill - 3 Players Forward
Forward Time % Phy DF OF
1 Jeff Carter 60 1 2 2
2 Jordan Nolan 40 1 2 2
Penalty Kill - 3 Players Defense
Defense Defense Time % Phy DF OF
1 Oliver Ekman-Larsson Matt Smaby 60 1 2 2
2 Jonathan Ericsson Jeff Woywitka 40 1 2 2
4 vs 4 Forward
Center Wing Time % Phy DF OF
1 Jeff Carter Jordan Nolan 60 1 2 2
2 Jakub Voracek Drew Miller 40 1 2 2
4 vs 4 Defense
Defense Defense Time % Phy DF OF
1 Oliver Ekman-Larsson Matt Smaby 60 1 2 2
2 Jonathan Ericsson Jeff Woywitka 40 1 2 2
Last Minutes Offensive
Center Left Wing Right Wing Defense Defense
Jeff Carter Drew Miller Jakub Voracek Oliver Ekman-Larsson Matt Smaby
Last Minutes Defensive
Center Left Wing Right Wing Defense Defense
Jeff Carter Drew Miller Jakub Voracek Oliver Ekman-Larsson Matt Smaby
Goaltenders
Starting : Steve Mason
Backup : Cam Ward
Extra Forwards
Normal : Chris Mcallister, Marcus Kruger, Matthew Lombardi - PP : Chris Mcallister, Marcus Kruger - PK : Matthew Lombardi
Extra Defensemen
Normal : Brian Lashoff, Nathan Beaulieu, Jonathan Ericsson - PP : Brian Lashoff - PK : Nathan Beaulieu, Jonathan Ericsson
Penalty Shots
Jeff Carter, Jordan Nolan, Jakub Voracek, Drew Miller, J.T. Miller
Scratches
None
% Time on Ice - Golden Knights
Lines # - Real PCT - Wanted PCT - Time Play
Normal Forward
1 - 28% - 40% - 12:18
2 - 32% - 30% - 14:14
3 - 22% - 20% - 9:47
4 - 17% - 10% - 7:35
Normal Defense
1 - 42% - 40% - 18:15
2 - 35% - 30% - 15:10
3 - 21% - 20% - 9:05
4 - 3% - 10% - 1:24
PP Forward
1 - 55% - 60% - 5:27
2 - 45% - 40% - 4:28
PP Defense
1 - 57% - 60% - 5:41
2 - 43% - 40% - 4:14
PK Forward
1 - 76% - 60% - 4:43
2 - 24% - 40% - 1:28
PK Defense
1 - 58% - 60% - 3:36
2 - 42% - 40% - 2:35
PK3 Forward
1 - 0% - 60%
2 - 0% - 40%
PK3 Defense
1 - 0% - 60%
2 - 0% - 40%
44 Forward
1 - 68% - 60% - 3:24
2 - 32% - 40% - 1:36
44 Defense
1 - 58% - 60% - 2:55
2 - 42% - 40% - 2:05
Last Minute Offensive - 0:00
Last Minute Defensive - 0:00
Total
Forward - 65:00
Defense - 65:00
|
% Time on Ice - Flyers
Lines # - Real PCT - Wanted PCT - Time Play
Normal Forward
1 - 36% - 40% - 15:52
2 - 23% - 30% - 9:58
3 - 25% - 20% - 10:50
4 - 16% - 10% - 7:14
Normal Defense
1 - 39% - 40% - 17:10
2 - 31% - 30% - 13:37
3 - 28% - 20% - 12:26
4 - 2% - 10% - 0:41
PP Forward
1 - 54% - 60% - 3:21
2 - 46% - 40% - 2:50
PP Defense
1 - 50% - 60% - 3:04
2 - 50% - 40% - 3:07
PK Forward
1 - 70% - 60% - 6:55
2 - 30% - 40% - 3:00
PK Defense
1 - 63% - 60% - 6:13
2 - 37% - 40% - 3:42
PK3 Forward
1 - 0% - 60%
2 - 0% - 40%
PK3 Defense
1 - 0% - 60%
2 - 0% - 40%
44 Forward
1 - 64% - 60% - 3:11
2 - 36% - 40% - 1:49
44 Defense
1 - 54% - 60% - 2:43
2 - 46% - 40% - 2:17
Last Minute Offensive - 0:00
Last Minute Defensive - 0:00
Total
Forward - 65:00
Defense - 65:00
|
Play-by-Play
1st period
0:01 of 1st period - Matt Stajan wins face-off versus Jeff Carter in neutral zone.
0:50 of 1st period - Backhand shot by Oliver Ekman-Larsson.
0:50 of 1st period - Stopped by Robin Lehner without a rebound.
0:51 of 1st period - Marcus Kruger wins face-off versus Maxim Lapierre in Golden Knights zone.
1:00 of 1st period - Snap shot by Maxim Lapierre.
1:00 of 1st period - Shot Blocked by Mats Zuccarello.
1:08 of 1st period - Wrist shot by Maxim Lapierre.
1:08 of 1st period - Stopped by Steve Mason with a rebound.
1:10 of 1st period - Snap shot by Steve Bernier.
1:10 of 1st period - Deflect By Jeff Woywitka.
1:10 of 1st period - Stopped by Steve Mason without a rebound.
1:11 of 1st period - Jeff Carter wins face-off versus Brandon Bollig in Flyers zone.
1:18 of 1st period - Nathan Paetsch is hit by Drew Miller and loses puck.
1:53 of 1st period - Icing by Matt Stajan.
1:54 of 1st period - Andrei Loktionov wins face-off versus Jordan Nolan in Golden Knights zone.
2:06 of 1st period - Off-side.
2:07 of 1st period - Jakub Voracek wins face-off versus Matt Stajan in neutral zone.
2:13 of 1st period - Minor Penalty to Ilya Kovalchuk for Tripping.
2:14 of 1st period - Steve Bernier wins face-off versus Jeff Carter in Golden Knights zone.
2:25 of 1st period - Snap shot by Jeff Carter.
2:25 of 1st period - Shot Blocked by Jared Cowen.
2:27 of 1st period - Slapshot by Jeff Carter.
2:27 of 1st period - Goal by Jeff Carter - Golden Knights : 0 - Flyers : 1.
2:28 of 1st period - Jeff Carter wins face-off versus Matt Stajan in neutral zone.
3:06 of 1st period - Wrist shot by Andrei Loktionov.
3:06 of 1st period - Goal by Andrei Loktionov - Golden Knights : 1 - Flyers : 1.
3:07 of 1st period - Maxim Lapierre wins face-off versus Marcus Kruger in neutral zone.
3:34 of 1st period - Drew Miller is hit by Andrei Loktionov and loses puck.
4:17 of 1st period - J.T. Miller is hit by Alex Tanguay and loses puck.
4:24 of 1st period - Slapshot by Zach Bogosian.
4:24 of 1st period - Stopped by Steve Mason without a rebound.
4:25 of 1st period - Drew Miller wins face-off versus Andrei Loktionov in Flyers zone.
5:00 of 1st period - Snap shot by Ilya Kovalchuk.
5:00 of 1st period - Stopped by Steve Mason with a rebound.
5:02 of 1st period - Slapshot by Ilya Kovalchuk.
5:02 of 1st period - Stopped by Steve Mason without a rebound.
5:03 of 1st period - Patrice Cormier wins face-off versus Marcus Kruger in Flyers zone.
5:06 of 1st period - Snap shot by Damien Brunner.
5:06 of 1st period - Shot Misses the Net.
5:14 of 1st period - Brandon Bollig is hit by Oliver Ekman-Larsson and loses puck.
5:19 of 1st period - Wrist shot by Mats Zuccarello.
5:19 of 1st period - Stopped by Robin Lehner with a rebound.
5:29 of 1st period - Jakub Voracek is hit by Zach Bogosian and loses puck.
5:44 of 1st period - Drew Miller is hit by Matt Stajan and loses puck.
6:20 of 1st period - Wayne Simmonds is hit by Tomas Kubalik and loses puck.
7:05 of 1st period - Slapshot by Michael Frolik.
7:05 of 1st period - Shot Blocked by Jeff Carter.
8:01 of 1st period - Jordan Nolan is hit by Brandon Bollig and loses puck.
8:06 of 1st period - Slapshot by Zach Bogosian.
8:06 of 1st period - Shot Misses the Net.
8:08 of 1st period - Slapshot by Patrice Cormier.
8:08 of 1st period - Shot Blocked by Jordan Nolan.
8:10 of 1st period - Slapshot by Zach Bogosian.
8:10 of 1st period - Deflect By Patrice Cormier.
8:10 of 1st period - Shot Misses the Net.
8:10 of 1st period - Puck is out of play.
8:11 of 1st period - Jeff Carter wins face-off versus Matt Stajan in Flyers zone.
8:38 of 1st period - Chris Higgins is hit by Chris Mcallister and loses puck.
8:47 of 1st period - Snap shot by Marcus Kruger.
8:47 of 1st period - Shot Misses the Net.
8:49 of 1st period - Snap shot by Mats Zuccarello.
8:49 of 1st period - Stopped by Robin Lehner without a rebound.
8:50 of 1st period - Matthew Lombardi wins face-off versus Matt Stajan in Golden Knights zone.
9:40 of 1st period - Off-side.
9:41 of 1st period - Maxim Lapierre wins face-off versus Marcus Kruger in neutral zone.
9:45 of 1st period - Minor Penalty to Mats Zuccarello for Tripping.
9:46 of 1st period - Matt Stajan wins face-off versus Jeff Carter in Flyers zone.
10:18 of 1st period - Backhand shot by Chris Higgins.
10:18 of 1st period - Deflect By Wayne Simmonds.
10:18 of 1st period - Shot Misses the Net.
10:18 of 1st period - Puck is out of play.
10:19 of 1st period - Andrei Loktionov wins face-off versus Jeff Carter in Flyers zone.
10:20 of 1st period - Snap shot by Chris Higgins.
10:20 of 1st period - Stopped by Steve Mason without a rebound.
10:21 of 1st period - Matt Stajan wins face-off versus Jordan Nolan in Flyers zone.
10:24 of 1st period - Snap shot by Matt Stajan.
10:24 of 1st period - Stopped by Steve Mason with a rebound.
10:46 of 1st period - Jonathan Ericsson is hit by Wayne Simmonds and loses puck.
11:45 of 1st period - Penalty to Mats Zuccarello is over, Mats Zuccarello is back on ice.
12:02 of 1st period - Brian Lashoff is hit by Maxim Lapierre.
12:36 of 1st period - Alex Tanguay is hit by Jakub Voracek and loses puck.
12:55 of 1st period - Jeff Woywitka is hit by Ilya Kovalchuk and loses puck.
13:29 of 1st period - Wrist shot by Damien Brunner.
13:29 of 1st period - Stopped by Steve Mason without a rebound.
13:30 of 1st period - Jeff Carter wins face-off versus Matt Stajan in Flyers zone.
13:56 of 1st period - Brian Lashoff is hit by Andrei Loktionov and loses puck.
14:07 of 1st period - Wrist shot by Zach Bogosian.
14:07 of 1st period - Shot Blocked by Brian Lashoff.
14:17 of 1st period - Chris Mcallister is hit by Alex Tanguay and loses puck.
14:38 of 1st period - Wrist shot by Ilya Kovalchuk.
14:38 of 1st period - Stopped by Steve Mason without a rebound.
14:39 of 1st period - Matt Stajan wins face-off versus Tomas Kubalik in Flyers zone.
14:40 of 1st period - Snap shot by Michael Frolik.
14:40 of 1st period - Goal by Michael Frolik - Golden Knights : 2 - Flyers : 1.
14:41 of 1st period - Matt Stajan wins face-off versus Jeff Carter in neutral zone.
14:45 of 1st period - Minor Penalty to Oliver Ekman-Larsson for Holding.
14:46 of 1st period - Matt Stajan wins face-off versus Jeff Carter in Flyers zone.
14:49 of 1st period - Slapshot by Michael Frolik.
14:49 of 1st period - Stopped by Steve Mason with a rebound.
14:55 of 1st period - Wrist shot by Michael Frolik.
14:55 of 1st period - Shot Blocked by Jeff Carter.
14:57 of 1st period - Wrist shot by Matt Stajan.
14:57 of 1st period - Stopped by Steve Mason with a rebound.
14:59 of 1st period - Slapshot by Zach Bogosian.
14:59 of 1st period - Stopped by Steve Mason without a rebound.
15:00 of 1st period - Matt Stajan wins face-off versus Jordan Nolan in Flyers zone.
15:07 of 1st period - Slapshot by Michael Frolik.
15:07 of 1st period - Stopped by Steve Mason with a rebound.
15:09 of 1st period - Wrist shot by Ilya Kovalchuk.
15:09 of 1st period - Stopped by Steve Mason with a rebound.
16:44 of 1st period - Wrist shot by Michael Frolik.
16:44 of 1st period - Shot Blocked by J.T. Miller.
16:45 of 1st period - Penalty to Oliver Ekman-Larsson is over, Oliver Ekman-Larsson is back on ice.
17:32 of 1st period - Snap shot by Alex Tanguay.
17:32 of 1st period - Stopped by Steve Mason without a rebound.
17:33 of 1st period - Marcus Kruger wins face-off versus Matt Stajan in Flyers zone.
18:22 of 1st period - Snap shot by Jeff Carter.
18:22 of 1st period - Shot Misses the Net.
18:24 of 1st period - Snap shot by Jordan Nolan.
18:24 of 1st period - Stopped by Robin Lehner with a rebound.
18:30 of 1st period - Snap shot by J.T. Miller.
18:30 of 1st period - Shot Misses the Net.
18:54 of 1st period - Brian Lashoff is hit by Ilya Kovalchuk and loses puck.
19:32 of 1st period - Mats Zuccarello is hit by Ole-Kristian Tollefsen and loses puck.
19:48 of 1st period - Jordan Nolan is hit by Chris Higgins and loses puck.
Goals for this period are 2 for Golden Knights vs 1 for Flyers.
Shots for this period are 17 for Golden Knights vs 5 for Flyers.
2nd period
0:01 of 2nd period - Jeff Carter wins face-off versus Matt Stajan in neutral zone.
0:03 of 2nd period - Off-side.
0:04 of 2nd period - Jeff Carter wins face-off versus Matt Stajan in neutral zone.
0:41 of 2nd period - Snap shot by Wayne Simmonds.
0:41 of 2nd period - Stopped by Steve Mason without a rebound.
0:42 of 2nd period - Jeff Carter wins face-off versus Matt Stajan in Flyers zone.
1:21 of 2nd period - Jonathan Ericsson is hit by Andrei Loktionov and loses puck.
2:02 of 2nd period - Snap shot by Jakub Voracek.
2:02 of 2nd period - Stopped by Robin Lehner without a rebound.
2:03 of 2nd period - Jeff Carter wins face-off versus Matt Stajan in Golden Knights zone.
2:04 of 2nd period - Snap shot by Drew Miller.
2:04 of 2nd period - Stopped by Robin Lehner with a rebound.
2:06 of 2nd period - Slapshot by Matt Smaby.
2:06 of 2nd period - Deflect By Ilya Kovalchuk.
2:06 of 2nd period - Stopped by Robin Lehner with a rebound.
2:08 of 2nd period - Snap shot by Drew Miller.
2:08 of 2nd period - Stopped by Robin Lehner with a rebound.
2:10 of 2nd period - Wrist shot by Oliver Ekman-Larsson.
2:10 of 2nd period - Stopped by Robin Lehner with a rebound.
2:12 of 2nd period - Snap shot by Jeff Carter.
2:12 of 2nd period - Stopped by Robin Lehner without a rebound.
2:13 of 2nd period - Matt Stajan wins face-off versus Jeff Carter in Golden Knights zone.
2:50 of 2nd period - Wrist shot by Andrei Loktionov.
2:50 of 2nd period - Deflect By Wayne Simmonds.
2:50 of 2nd period - Shot Misses the Net.
2:50 of 2nd period - Puck is out of play.
2:51 of 2nd period - Marcus Kruger wins face-off versus Andrei Loktionov in Flyers zone.
2:58 of 2nd period - Wayne Simmonds is hit by Marcus Kruger and loses puck.
3:17 of 2nd period - Jared Cowen is hit by Jakub Voracek and loses puck.
3:26 of 2nd period - Snap shot by Drew Miller.
3:26 of 2nd period - Stopped by Robin Lehner without a rebound.
3:27 of 2nd period - Jeff Carter wins face-off versus Andrei Loktionov in Golden Knights zone.
3:40 of 2nd period - Wrist shot by Chris Higgins.
3:40 of 2nd period - Stopped by Steve Mason with a rebound.
3:42 of 2nd period - Snap shot by Chris Higgins.
3:42 of 2nd period - Stopped by Steve Mason with a rebound.
4:57 of 2nd period - Snap shot by Drew Miller.
4:57 of 2nd period - Shot Misses the Net.
5:11 of 2nd period - Minor Penalty to Chris Higgins for Hooking.
5:12 of 2nd period - Ilya Kovalchuk wins face-off versus Jeff Carter in Golden Knights zone.
5:57 of 2nd period - Icing by Jordan Nolan.
5:58 of 2nd period - Jordan Nolan wins face-off versus Michael Frolik in Flyers zone.
7:11 of 2nd period - Penalty to Chris Higgins is over, Chris Higgins is back on ice.
7:16 of 2nd period - Slapshot by Mats Zuccarello.
7:16 of 2nd period - Deflect By Nathan Paetsch.
7:16 of 2nd period - Shot Misses the Net.
7:16 of 2nd period - Puck is out of play.
7:17 of 2nd period - Marcus Kruger wins face-off versus Andrei Loktionov in Golden Knights zone.
7:18 of 2nd period - Wrist shot by Chris Mcallister.
7:18 of 2nd period - Shot Blocked by Wayne Simmonds.
7:20 of 2nd period - Snap shot by Mats Zuccarello.
7:20 of 2nd period - Stopped by Robin Lehner with a rebound.
7:22 of 2nd period - Slapshot by Marcus Kruger.
7:22 of 2nd period - Stopped by Robin Lehner with a rebound.
7:24 of 2nd period - Wrist shot by Marcus Kruger.
7:24 of 2nd period - Shot Misses the Net.
7:26 of 2nd period - Snap shot by Nathan Beaulieu.
7:26 of 2nd period - Shot Misses the Net.
7:28 of 2nd period - Slapshot by Brian Lashoff.
7:28 of 2nd period - Shot Blocked by Jared Cowen.
7:30 of 2nd period - Snap shot by Chris Mcallister.
7:30 of 2nd period - Shot Misses the Net.
7:41 of 2nd period - Icing by Zach Bogosian.
7:42 of 2nd period - Matthew Lombardi wins face-off versus Andrei Loktionov in Golden Knights zone.
7:51 of 2nd period - Wrist shot by Jakub Voracek.
7:51 of 2nd period - Shot Misses the Net.
7:57 of 2nd period - Jeff Carter is hit by Zach Bogosian and loses puck.
8:18 of 2nd period - Snap shot by Chris Higgins.
8:18 of 2nd period - Stopped by Steve Mason without a rebound.
8:19 of 2nd period - Jordan Nolan wins face-off versus Matt Stajan in Flyers zone.
8:19 of 2nd period - Jordan Nolan is hit by Matt Stajan.
9:18 of 2nd period - Brock Nelson is hit by Brandon Bollig and loses puck.
9:30 of 2nd period - Off-side.
9:31 of 2nd period - Matt Stajan wins face-off versus Jeff Carter in neutral zone.
9:33 of 2nd period - Off-side.
9:34 of 2nd period - Jeff Carter wins face-off versus Matt Stajan in neutral zone.
9:49 of 2nd period - Matt Stajan is hit by Jakub Voracek and loses puck.
10:03 of 2nd period - Oliver Ekman-Larsson is hit by Zach Bogosian and loses puck.
10:17 of 2nd period - Minor Penalty to Wayne Simmonds for Holding.
10:18 of 2nd period - Jeff Carter wins face-off versus Ilya Kovalchuk in Golden Knights zone.
10:48 of 2nd period - Wrist shot by Jordan Nolan.
10:48 of 2nd period - Stopped by Robin Lehner with a rebound.
11:31 of 2nd period - Alex Tanguay is hit by Jakub Voracek and loses puck.
12:17 of 2nd period - Penalty to Wayne Simmonds is over, Wayne Simmonds is back on ice.
12:30 of 2nd period - Snap shot by Andrei Loktionov.
12:30 of 2nd period - Shot Misses the Net.
13:26 of 2nd period - Slapshot by Marcus Kruger.
13:26 of 2nd period - Deflect By Chris Mcallister.
13:26 of 2nd period - Stopped by Robin Lehner with a rebound.
14:31 of 2nd period - Backhand shot by Andrei Loktionov.
14:31 of 2nd period - Stopped by Steve Mason without a rebound.
14:32 of 2nd period - Jeff Carter wins face-off versus Maxim Lapierre in Flyers zone.
15:10 of 2nd period - Wrist shot by J.T. Miller.
15:10 of 2nd period - Shot Misses the Net.
15:54 of 2nd period - Wrist shot by Matt Smaby.
15:54 of 2nd period - Deflect By Ryan Callahan.
15:54 of 2nd period - Shot Blocked by Ole-Kristian Tollefsen.
15:54 of 2nd period - Puck is out of play.
15:55 of 2nd period - Jordan Nolan wins face-off versus Patrice Cormier in Golden Knights zone.
15:56 of 2nd period - Snap shot by J.T. Miller.
15:56 of 2nd period - Shot Misses the Net.
16:10 of 2nd period - Jonathan Ericsson is hit by Alex Tanguay and loses puck.
16:30 of 2nd period - Icing by Jared Cowen.
16:31 of 2nd period - Damien Brunner wins face-off versus Jordan Nolan in Golden Knights zone.
17:22 of 2nd period - Wrist shot by Brandon Bollig.
17:22 of 2nd period - Stopped by Steve Mason without a rebound.
17:23 of 2nd period - Patrice Cormier wins face-off versus Tomas Kubalik in Flyers zone.
17:34 of 2nd period - Wrist shot by Damien Brunner.
17:34 of 2nd period - Stopped by Steve Mason without a rebound.
17:35 of 2nd period - Jeff Carter wins face-off versus Matt Stajan in Flyers zone.
17:35 of 2nd period - Jeff Carter is hit by Michael Frolik.
17:43 of 2nd period - Slapshot by Matt Smaby.
17:43 of 2nd period - Shot Misses the Net.
17:48 of 2nd period - Minor Penalty to Matt Smaby for Hooking.
17:49 of 2nd period - Jeff Carter wins face-off versus Matt Stajan in Flyers zone.
18:01 of 2nd period - Slapshot by Jared Cowen.
18:01 of 2nd period - Shot Misses the Net.
18:34 of 2nd period - Wrist shot by Jakub Voracek.
18:34 of 2nd period - Deflect By Drew Miller.
18:34 of 2nd period - Goal by Drew Miller - Golden Knights : 2 - Flyers : 2.
18:35 of 2nd period - Matt Stajan wins face-off versus Jeff Carter in neutral zone.
18:51 of 2nd period - Snap shot by Michael Frolik.
18:51 of 2nd period - Shot Misses the Net.
19:48 of 2nd period - Penalty to Matt Smaby is over, Matt Smaby is back on ice.
19:52 of 2nd period - Off-side.
19:53 of 2nd period - Marcus Kruger wins face-off versus Alex Tanguay in neutral zone.
Goals for this period are 0 for Golden Knights vs 1 for Flyers.
Shots for this period are 7 for Golden Knights vs 12 for Flyers.
3rd period
0:01 of 3rd period - Matt Stajan wins face-off versus Jeff Carter in neutral zone.
0:26 of 3rd period - Jordan Nolan is hit by Zach Bogosian.
1:31 of 3rd period - Minor Penalty to Brian Lashoff for Hooking.
1:32 of 3rd period - Matt Stajan wins face-off versus Jeff Carter in Flyers zone.
1:41 of 3rd period - Snap shot by Michael Frolik.
1:41 of 3rd period - Shot Misses the Net.
1:43 of 3rd period - Snap shot by Matt Stajan.
1:43 of 3rd period - Shot Misses the Net.
1:45 of 3rd period - Slapshot by Matt Stajan.
1:45 of 3rd period - Shot Blocked by Oliver Ekman-Larsson.
1:47 of 3rd period - Wrist shot by Matt Stajan.
1:47 of 3rd period - Stopped by Steve Mason without a rebound.
1:48 of 3rd period - Matt Stajan wins face-off versus Jeff Carter in Flyers zone.
1:55 of 3rd period - Snap shot by Ilya Kovalchuk.
1:55 of 3rd period - Deflect By Matt Stajan.
1:55 of 3rd period - Stopped by Steve Mason with a rebound.
2:15 of 3rd period - Andrei Loktionov is hit by Drew Miller.
2:35 of 3rd period - Jakub Voracek is hit by Ilya Kovalchuk and loses puck.
3:31 of 3rd period - Penalty to Brian Lashoff is over, Brian Lashoff is back on ice.
3:39 of 3rd period - Jeff Woywitka is hit by Steve Bernier.
3:48 of 3rd period - Wrist shot by Jeff Carter.
3:48 of 3rd period - Stopped by Robin Lehner with a rebound.
3:55 of 3rd period - Off-side.
3:56 of 3rd period - Patrice Cormier wins face-off versus Matthew Lombardi in neutral zone.
4:04 of 3rd period - Slapshot by Zach Bogosian.
4:04 of 3rd period - Shot Misses the Net.
4:06 of 3rd period - Slapshot by Patrice Cormier.
4:06 of 3rd period - Stopped by Steve Mason with a rebound.
4:08 of 3rd period - Wrist shot by Zach Bogosian.
4:08 of 3rd period - Shot Misses the Net.
4:18 of 3rd period - Minor Penalty to Matthew Lombardi for Hooking.
4:19 of 3rd period - Matt Stajan wins face-off versus Jeff Carter in Flyers zone.
4:53 of 3rd period - Nathan Paetsch is hit by Jakub Voracek.
5:14 of 3rd period - Michael Frolik is hit by Jeff Carter and loses puck.
6:18 of 3rd period - Penalty to Matthew Lombardi is over, Matthew Lombardi is back on ice.
6:44 of 3rd period - Nathan Paetsch is hit by Brian Lashoff and loses puck.
6:51 of 3rd period - Slapshot by Chris Mcallister.
6:51 of 3rd period - Shot Misses the Net.
6:53 of 3rd period - Wrist shot by Mats Zuccarello.
6:53 of 3rd period - Deflect By Marcus Kruger.
6:53 of 3rd period - Stopped by Robin Lehner without a rebound.
6:54 of 3rd period - Matthew Lombardi wins face-off versus Maxim Lapierre in Golden Knights zone.
7:10 of 3rd period - Minor Penalty to Zach Bogosian for Hooking.
7:11 of 3rd period - Ilya Kovalchuk wins face-off versus Jeff Carter in Golden Knights zone.
7:11 of 3rd period - Ilya Kovalchuk is hit by Drew Miller.
7:28 of 3rd period - Slapshot by Jeff Carter.
7:28 of 3rd period - Shot Misses the Net.
7:57 of 3rd period - Snap shot by Michael Frolik.
7:57 of 3rd period - Deflect By Andrei Loktionov.
7:57 of 3rd period - Shot Misses the Net.
7:57 of 3rd period - Puck is out of play.
7:58 of 3rd period - Jeff Carter wins face-off versus Ilya Kovalchuk in Flyers zone.
8:03 of 3rd period - Slapshot by Jonathan Ericsson.
8:03 of 3rd period - Shot Blocked by Ilya Kovalchuk.
8:05 of 3rd period - Slapshot by Jonathan Ericsson.
8:05 of 3rd period - Deflect By Jakub Voracek.
8:05 of 3rd period - Stopped by Robin Lehner without a rebound.
8:06 of 3rd period - Ilya Kovalchuk wins face-off versus Jeff Carter in Golden Knights zone.
8:29 of 3rd period - Mathew Dumba is hit by Jeff Woywitka and loses puck.
9:10 of 3rd period - Penalty to Zach Bogosian is over, Zach Bogosian is back on ice.
9:36 of 3rd period - Icing by Patrice Cormier.
9:37 of 3rd period - Brandon Bollig wins face-off versus Matthew Lombardi in Golden Knights zone.
9:41 of 3rd period - Icing by Patrice Cormier.
9:42 of 3rd period - Matthew Lombardi wins face-off versus Wayne Simmonds in Golden Knights zone.
9:45 of 3rd period - Wrist shot by Matthew Lombardi.
9:45 of 3rd period - Stopped by Robin Lehner with a rebound.
9:51 of 3rd period - Nathan Paetsch is hit by Brock Nelson and loses puck.
10:56 of 3rd period - Wrist shot by Tomas Kubalik.
10:56 of 3rd period - Stopped by Robin Lehner with a rebound.
11:07 of 3rd period - Snap shot by Damien Brunner.
11:07 of 3rd period - Shot Misses the Net.
11:09 of 3rd period - Slapshot by Jared Cowen.
11:09 of 3rd period - Deflect By Patrice Cormier.
11:09 of 3rd period - Shot Misses the Net.
11:09 of 3rd period - Puck is out of play.
11:10 of 3rd period - Matt Stajan wins face-off versus Jeff Carter in Flyers zone.
11:37 of 3rd period - Nathan Paetsch is hit by Oliver Ekman-Larsson and loses puck.
12:18 of 3rd period - Matthew Lombardi is hit by Michael Kostka and loses puck.
12:39 of 3rd period - Jeff Woywitka is hit by Damien Brunner and loses puck.
12:56 of 3rd period - Slapshot by Jeff Woywitka.
12:56 of 3rd period - Stopped by Robin Lehner without a rebound.
12:57 of 3rd period - Matt Stajan wins face-off versus Jordan Nolan in Golden Knights zone.
13:02 of 3rd period - Ryan Callahan is hit by Mathew Dumba and loses puck.
13:17 of 3rd period - Wrist shot by Jordan Nolan.
13:17 of 3rd period - Shot Blocked by Mathew Dumba.
13:27 of 3rd period - Jordan Nolan is hit by Andrei Loktionov and loses puck.
13:44 of 3rd period - Jakub Voracek is hit by Jared Cowen and loses puck.
14:07 of 3rd period - Michael Frolik is hit by Marcus Kruger and loses puck.
14:16 of 3rd period - Marcus Kruger is hit by Zach Bogosian.
14:50 of 3rd period - Slapshot by Jakub Voracek.
14:50 of 3rd period - Shot Misses the Net.
15:19 of 3rd period - Wrist shot by Ryan Callahan.
15:19 of 3rd period - Shot Misses the Net.
15:21 of 3rd period - Wrist shot by J.T. Miller.
15:21 of 3rd period - Shot Blocked by Michael Kostka.
15:23 of 3rd period - Slapshot by Jonathan Ericsson.
15:23 of 3rd period - Shot Blocked by Ole-Kristian Tollefsen.
15:25 of 3rd period - Wrist shot by Jordan Nolan.
15:25 of 3rd period - Stopped by Robin Lehner without a rebound.
15:26 of 3rd period - Maxim Lapierre wins face-off versus Marcus Kruger in Golden Knights zone.
15:35 of 3rd period - Wrist shot by Marcus Kruger.
15:35 of 3rd period - Stopped by Robin Lehner without a rebound.
15:36 of 3rd period - Marcus Kruger wins face-off versus Maxim Lapierre in Golden Knights zone.
15:39 of 3rd period - Snap shot by Chris Mcallister.
15:39 of 3rd period - Stopped by Robin Lehner without a rebound.
15:40 of 3rd period - Maxim Lapierre wins face-off versus Jeff Carter in Golden Knights zone.
15:50 of 3rd period - Jared Cowen is hit by Drew Miller and loses puck.
16:36 of 3rd period - Wrist shot by Jordan Nolan.
16:36 of 3rd period - Stopped by Robin Lehner with a rebound.
16:38 of 3rd period - Snap shot by Ryan Callahan.
16:38 of 3rd period - Deflect By J.T. Miller.
16:38 of 3rd period - Shot Misses the Net.
16:38 of 3rd period - Puck is out of play.
16:39 of 3rd period - Maxim Lapierre wins face-off versus Jakub Voracek in Golden Knights zone.
16:43 of 3rd period - Off-side.
16:44 of 3rd period - Maxim Lapierre wins face-off versus Jeff Carter in neutral zone.
16:47 of 3rd period - Drew Miller is hit by Alex Tanguay and loses puck.
16:56 of 3rd period - Snap shot by Maxim Lapierre.
16:56 of 3rd period - Deflect By Alex Tanguay.
16:56 of 3rd period - Shot Misses the Net.
16:56 of 3rd period - Puck is out of play.
16:57 of 3rd period - Mats Zuccarello wins face-off versus Maxim Lapierre in Flyers zone.
17:02 of 3rd period - Slapshot by Matt Smaby.
17:02 of 3rd period - Shot Blocked by Steve Bernier.
17:22 of 3rd period - Jakub Voracek is hit by Ilya Kovalchuk and loses puck.
18:15 of 3rd period - Snap shot by Brock Nelson.
18:15 of 3rd period - Shot Blocked by Nathan Paetsch.
19:18 of 3rd period - Snap shot by Zach Bogosian.
19:18 of 3rd period - Stopped by Steve Mason with a rebound.
Goals for this period are 0 for Golden Knights vs 0 for Flyers.
Shots for this period are 4 for Golden Knights vs 10 for Flyers.
Overtime #1
0:01 of 1st overtime period - Jeff Carter wins face-off versus Ilya Kovalchuk in neutral zone.
0:12 of 1st overtime period - Slapshot by Jordan Nolan.
0:12 of 1st overtime period - Shot Misses the Net.
0:14 of 1st overtime period - Wrist shot by Jeff Carter.
0:14 of 1st overtime period - Shot Blocked by Zach Bogosian.
0:16 of 1st overtime period - Snap shot by Oliver Ekman-Larsson.
0:16 of 1st overtime period - Shot Misses the Net.
0:43 of 1st overtime period - Off-side.
0:44 of 1st overtime period - Michael Frolik wins face-off versus Jakub Voracek in neutral zone.
0:49 of 1st overtime period - Slapshot by Jared Cowen.
0:49 of 1st overtime period - Shot Misses the Net.
1:18 of 1st overtime period - Snap shot by Drew Miller.
1:18 of 1st overtime period - Shot Blocked by Zach Bogosian.
1:24 of 1st overtime period - Jeff Woywitka is hit by Jared Cowen and loses puck.
1:39 of 1st overtime period - Snap shot by Jordan Nolan.
1:39 of 1st overtime period - Stopped by Robin Lehner without a rebound.
1:40 of 1st overtime period - Ilya Kovalchuk wins face-off versus Jeff Carter in Golden Knights zone.
3:19 of 1st overtime period - Wrist shot by J.T. Miller.
3:19 of 1st overtime period - Stopped by Robin Lehner with a rebound.
3:51 of 1st overtime period - Zach Bogosian is hit by Marcus Kruger and loses puck.
4:17 of 1st overtime period - Wrist shot by Jakub Voracek.
4:17 of 1st overtime period - Stopped by Robin Lehner without a rebound.
4:18 of 1st overtime period - Ilya Kovalchuk wins face-off versus Jeff Carter in Golden Knights zone.
4:44 of 1st overtime period - Jonathan Ericsson is hit by Zach Bogosian and loses puck.
Goals for this period are 0 for Golden Knights vs 0 for Flyers.
Shots for this period are 0 for Golden Knights vs 3 for Flyers.
ShootOut
5:00 of 1st overtime period - Round #1.
5:00 of 1st overtime period - Golden Knights, Ilya Kovalchuk.
5:00 of 1st overtime period - Deke by Ilya Kovalchuk.
5:00 of 1st overtime period - Stopped by Steve Mason.
5:00 of 1st overtime period - Flyers, Jeff Carter.
5:00 of 1st overtime period - Wrist shot by Jeff Carter.
5:00 of 1st overtime period - Stopped by Robin Lehner.
5:00 of 1st overtime period - Round #2.
5:00 of 1st overtime period - Golden Knights, Matt Stajan.
5:00 of 1st overtime period - Deke by Matt Stajan.
5:00 of 1st overtime period - Stopped by Steve Mason.
5:00 of 1st overtime period - Flyers, Jordan Nolan.
5:00 of 1st overtime period - Wrist shot by Jordan Nolan.
5:00 of 1st overtime period - Stopped by Robin Lehner.
5:00 of 1st overtime period - Round #3.
5:00 of 1st overtime period - Golden Knights, Michael Frolik.
5:00 of 1st overtime period - Deke by Michael Frolik.
5:00 of 1st overtime period - Goal by Michael Frolik.
5:00 of 1st overtime period - Flyers, Jakub Voracek.
5:00 of 1st overtime period - Wrist shot by Jakub Voracek.
5:00 of 1st overtime period - Shot Misses the Net.
Back to the Top